 Dungeon Crawl Stone Soup version 0.22.1-1-ga44c0e56f4 (webtiles) character file.

1085 Chidaruma the Chopper (level 8, -2/61 HPs)
             Began as a Demonspawn Gladiator on Oct 30, 2018.
             Was an Initiate of Gozag.
             Shot with an arrow by a centaur (8 damage)
             ... on level 5 of the Dungeon.
             The game lasted 00:37:36 (7720 turns).

Chidaruma the Chopper (Demonspawn Gladiator)        Turns: 7720, Time: 00:37:37

Health: -2/61      AC:  9    Str: 15    XL:     8   Next: 9%
Magic:  8/8        EV: 12    Int: 14    God:    Gozag
Gold:   274        SH:  0    Dex: 14    Spells: 7/7 levels left

rFire    . . .     SeeInvis .   a - +0 war axe
rCold    . . .     Gourm    +   (no shield)
rNeg     . . .     Faith    .   w - +0 scale mail
rPois    .         Spirit   .   c - +0 helmet
rElec    .         Reflect  .   (no cloak)
rCorr    +         Harm     .   y - +0 pair of gloves
MR       .....                  h - +0 pair of boots
Stlth    ..........             x - amulet of the gourmand
HPRegen  0.20/turn              A - ring of resist corrosion (curse)
MPRegen  0.11/turn              E - +2 ring of intelligence

@: no status effects
A: powered by death 1, sturdy frame 1
a: Potion Petition, Call Merchant, Bribe Branch, Renounce Religion


You were on level 5 of the Dungeon.
You worshipped Gozag.
Gozag was aware of your devotion.
You were not hungry.

You visited 2 branches of the dungeon, and saw 8 of its levels.

You collected 348 gold pieces.
You paid 74 gold pieces to Gozag.

Inventory:

Hand Weapons
 a - a +0 war axe (weapon)
 q - a +0 hunting sling
Missiles
 d - a throwing net
 r - 3 sling bullets
 s - 134 stones
 u - 3 poisoned tomahawks (quivered)
 v - 78 bolts
Armour
 b - a +0 leather armour
 c - a +0 helmet (worn)
 g - a +0 chain mail
 h - a +0 pair of boots (worn)
 o - a +0 large shield
 w - a +0 scale mail (worn)
 y - a +0 pair of gloves (worn)
 B - the +3 plate armour of Okawaru's Hope {+Blink rN+ rCorr Str+3 Slay-4, unknown}
   (You found it on level 6 of the Dungeon)

   It affects your strength (+3).
   It affects your accuracy and damage with ranged weapons and melee attacks
   (-4).
   It protects you from negative energy.
   It lets you blink.
   It provides partial protection from all sources of acid and corrosion.
Jewellery
 x - an amulet of the gourmand (around neck)
 A - a cursed ring of resist corrosion (left hand)
 E - a +2 ring of intelligence (right hand)
Wands
 I - a wand of random effects (42)
Scrolls
 e - a scroll of random uselessness
 j - a scroll of identify
 k - a scroll of blinking
 m - a scroll of enchant armour
 n - 2 scrolls of immolation
 t - 3 scrolls of amnesia
Potions
 i - a potion of brilliance {unknown}
 l - 2 potions of degeneration
 p - a potion of agility {unknown}
 z - a potion of mutation {unknown}
 C - a potion of invisibility {unknown}
 D - a potion of cancellation {unknown}
 F - a potion of ambrosia {unknown}
 G - a potion of heal wounds {unknown}
 H - a potion of curing
 J - a potion of might {unknown}
Comestibles
 f - 10 rations


   Skills:
 * Level 4.4 Fighting
 * Level 6.3 Axes
 - Level 1.9 Throwing
 + Level 2.4 Armour
 + Level 3.7 Dodging
 + Level 0.2 Stealth
 * Level 3.3 Shields


You had 7 spell levels left.
You didn't know any spells.
Your spell library contained the following spells:

 Spells                   Type           Power        Failure   Level  Hunger
 Beastly Appendage        Tmut           #.....       56%         1    ##.....
 Magic Dart               Conj           #...         56%         1    ##.....
 Searing Ray              Conj           #.....       71%         2    ###....
 Sticks to Snakes         Tmut           #.......     71%         2    ###....
 Dazzling Spray           Conj/Hex       #.....       90%         3    ####...
 Spider Form              Tmut/Pois      #.........   90%         3    ####...
 Force Lance              Conj/Tloc      #.......     100%        4    #####..
 Fulminant Prism          Conj/Hex       #.........   100%        4    #####..
 Ice Form                 Ice/Tmut       #.......     100%        4    #####..
 Iskenderun's Mystic Bla  Conj           #.......     100%        4    #####..
 Blade Hands              Tmut           #.........   100%        5    ######.


Dungeon Overview and Level Annotations

Branches:
Dungeon (7/15)             Temple (1/1) D:5

Altars:
Cheibriados
Dithmenos
Elyvilon
Fedhas
Gozag
Hepliaklqana
Kikubaaqudgha
Makhleb
Nemelex Xobeh
Okawaru
Qazlal
Ru
Sif Muna
Trog
Uskayaw
Vehumet
Wu Jian
Xom
Yredelemnul
Zin
The Shining One

Shops:
D:4 }


Innate Abilities, Weirdness & Mutations

You regenerate a little health from kills.
Your movements are slightly less encumbered by armour. (ER -2)


Message History

You climb upwards.
The centaur shouts!
There is a stone staircase leading down here.
The centaur shoots an arrow.
The arrow hits you.
The bullfrog hits you but does no damage.
You see here an arrow.
The centaur shoots an arrow.
The arrow misses you.
You see here an arrow.
The bullfrog releases a deep croak.
The centaur shoots an arrow.
The arrow hits you. The bullfrog hits you.
* * * LOW HITPOINT WARNING * * *
You see here an arrow.
The centaur shoots an arrow.
The arrow hits you!
* * * LOW HITPOINT WARNING * * *
You see here an arrow.
You feel better. The bullfrog hits you.
* * * LOW HITPOINT WARNING * * *
The centaur shoots an arrow.
The arrow hits you!
You die...
Your body crumbles into a pile of gold.

...........##.##.##.##.#
........####.........#.#
§.......##.............#
§........#.#..⌠...⌠..#.#
§....).....#.........#.#
§.......#.......>......#
......<.#..#.........#.#
..#######..#..⌠...⌠..#.#
.## ##...c..@......#
##### ##.#....F....###
#..(# #..##.##(##.##
#...# #.[....(....#
....#####.....>.#####
....##.........##
#..(##.####...##
.....(>########
.........#


You could see a bullfrog and a centaur.

Vanquished Creatures
  An ice beast (D:5)
  A black bear (D:7)
  A phantom (D:5)
  A centaur (D:6)
  Blork the orc (D:6)
  2 scorpions (D:4)
  A howler monkey (D:4)
  A bullfrog zombie (D:5)
  A hound (D:6)
  A jelly (D:6)
  A bullfrog skeleton (D:5)
  2 centaur skeletons (D:5)
  2 iguanas
  3 worker ants
  A howler monkey zombie (D:5)
  2 adders
  3 gnolls (D:3)
  A howler monkey skeleton (D:5)
  A shadow imp (D:6)
  An adder zombie (D:5)
  2 adder skeletons
  9 worms
  2 dart slugs
  5 leopard geckos
  8 orcs (D:3)
  3 giant cockroaches
  7 goblins
  12 hobgoblins
  11 jackals
  9 kobolds
  3 quokkas
  5 ball pythons
  11 bats
  7 frilled lizards
  A giant cockroach zombie (D:6)
  2 rats
125 creatures vanquished.

Notes
Turn   | Place    | Note
-------+----------+-------------------------------------------
     0 | D:1      | Chidaruma the Demonspawn Gladiator began the quest for the
                  | Orb.
     0 | D:1      | Reached XP level 1. HP: 16/16 MP: 1/1
   138 | D:1      | Gained mutation: You regenerate a little health from kills.
                  | [demonic ancestry]
   138 | D:1      | Reached XP level 2. HP: 13/22 MP: 2/2
   443 | D:1      | Reached skill level 3 in Axes
   695 | D:1      | Reached XP level 3. HP: 25/28 MP: 3/3
  1257 | D:2      | Reached skill level 1 in Armour
  1456 | D:2      | Reached XP level 4. HP: 34/34 MP: 4/4
  2450 | D:3      | Found a glowing silver altar of Zin.
  2582 | D:3      | Reached skill level 4 in Axes
  2582 | D:3      | Reached XP level 5. HP: 17/39 MP: 5/5
  3306 | D:4      | Found Anukuado's Gadget Shop.
  3498 | D:4      | Reached skill level 1 in Shields
  3713 | D:4      | Gained mutation: Your movements are slightly less
                  | encumbered by armour. (ER -2) [demonic ancestry]
  3713 | D:4      | Reached XP level 6. HP: 46/47 MP: 6/6
  3829 | D:4      | Found a sacrificial altar of Ru.
  3943 | D:4      | HP: 2/47 [ogre/giant club (17)]
  4422 | D:5      | Entered Level 5 of the Dungeon
  4595 | D:5      | Reached skill level 5 in Axes
  4619 | D:5      | Found a staircase to the Ecumenical Temple.
  4870 | D:5      | Noticed a two-headed ogre
  5215 | D:5      | Noticed an ice beast
  5621 | D:5      | Reached XP level 7. HP: 33/52 MP: 7/7
  5991 | Temple   | Entered the Ecumenical Temple
  6153 | Temple   | Became a worshipper of Gozag Ym Sagoz the Greedy
  6798 | D:6      | Noticed Blork the orc
  6803 | D:6      | Killed Blork the orc
  6932 | D:6      | Reached skill level 6 in Axes
  7187 | D:6      | Reached XP level 8. HP: 27/60 MP: 8/8
  7427 | D:6      | Found a glowing golden altar of the Shining One.
  7532 | D:6      | Got a transparent plate armour
  7719 | D:5      | HP: 2/61 [centaur/arrow (14)]
  7720 | D:5      | Shot with an arrow by a centaur

Skill      XL: |  1  2  3  4  5  6  7 |
---------------+----------------------+-----
Dodging        | 3 |  3.7
Axes           | 3 4 5 6 |  6.3
Armour         | 1 2 |  2.4
Fighting       | 3 4 |  4.4
Shields        | 1 2 3 |  3.3
Throwing       | |  1.9
Stealth        | |  0.2

Action                   |  1- 3 |  4- 6 |  7- 9 || total
-------------------------+-------+-------+-------++-------
Melee: War axe           |   151 |   261 |   123 ||   535
 Fire: Hunting sling     |       |    28 |     9 ||    37
Throw: Tomahawk          |       |     3 |     7 ||    10
       Throwing net      |       |     2 |     2 ||     4
  Use: Scroll            |       |     6 |     1 ||     7
       Potion            |       |     3 |     3 ||     6
 Stab: Sleeping          |     1 |       |       ||     1
  Eat: Chunk             |     2 |    28 |     1 ||    31
Armor: Leather armour    |    56 |     8 |       ||    64
       Scale mail        |       |   114 |    69 ||   183
Dodge: Dodged            |   162 |   116 |    40 ||   318
Block: Large shield      |       |   123 |    95 ||   218
